 Dungeon Crawl Stone Soup version 0.16-a0-2278-gad6c6b8 (webtiles) character file.

1520 Fyery the Destroyer (level 8, -4/36 HPs)
             Began as a Tengu Wizard on Nov 16, 2014.
             Was a Follower of Qazlal.
             Killed from afar by a steam dragon (24 damage)
             ... with a ball of steam
             ... on level 6 of the Dungeon.
             The game lasted 00:30:56 (5664 turns).

Fyery the Destroyer (Tengu Wizard)                  Turns: 5664, Time: 00:30:57

Health: -4/36      AC: 10    Str:  6    XL:     8   Next: 84%
Magic:  12/24      EV: 12    Int: 20    God:    Qazlal [*.....]
Gold:   291        SH:  2    Dex: 13    Spells: 5 memorised, 10 levels left

rFire  x . .     SeeInvis .     B - +0 quarterstaff (protect)
rCold  + . .     Clarity  .     y - +0 robe
rNeg   . . .     SustAb   .     (no shield)
rPois  .         Gourm    .     D - +2 hat
rElec  .         Spirit   .     (no cloak)
rCorr  .         Warding  .     m - +0 pair of gloves
rMut   .         Stasis   .     (boots unavailable)
MR     .....                    a - amulet of regeneration
Stlth  ++........               (no ring)
                                p - ring of ice

@: very slightly contaminated, not resistant to hostile enchantments, unstealthy
A: able to fly, beak, talons 3, frail 1, weak 1
a: Fly, Renounce Religion


You were on level 6 of the Dungeon.
You worshipped Qazlal.
Qazlal was aware of your devotion.
You were not hungry.

You visited 1 branch of the dungeon, and saw 6 of its levels.

You collected 291 gold pieces.

Inventory:

Hand weapons
 s - a +0 trident
 B - a +0 quarterstaff of protection (weapon)
Armour
 m - a +0 pair of gloves (worn)
 y - a +0 robe (worn)
 D - a +2 hat (worn)
Jewellery
 a - an amulet of regeneration (around neck)
 p - a ring of ice (left hand)
Magical devices
 z - a wand of confusion (23)
 C - a wand of digging (21)
Scrolls
 e - a scroll of fear {unknown}
 f - 6 scrolls of remove curse
 n - a scroll of blinking
 q - 5 scrolls of identify
 t - a scroll of amnesia
 v - a scroll of fog {unknown}
 w - a scroll of noise
Potions
 b - a potion of poison {unknown}
 g - a potion of brilliance {unknown}
 h - a potion of curing {unknown}
 k - 2 potions of restore abilities
 l - a potion of invisibility
 o - 2 potions of heal wounds
 r - a potion of might
 x - 2 potions of resistance
Books
 c - a book of Minor Magic

   Spells                             Type                      Level
   *Magic Dart                        Conjuration                  1
   *Blink                             Translocation                2
   Call Imp                           Summoning                    2
   *Repel Missiles                    Charms/Air                   2
   Slow                               Hexes                        2
   *Conjure Flame                     Conjuration/Fire             3
   *Mephitic Cloud                    Conjuration/Poison/Air       3
Comestibles
 d - 4 bread rations
 i - 5 fruits
 j - 3 meat rations
 u - a beef jerky
 A - a slice of pizza


   Skills:
 - Level 2.1 Dodging
 - Level 2.0 Stealth
 - Level 7.0 Spellcasting
 + Level 8.8 Conjurations
   Level 1.2 Summonings
 - Level 0.7 Translocations
 - Level 4.0 Air Magic
 - Level 3.0 Poison Magic


You had 10 spell levels left.
You knew the following spells:

 Your Spells              Type           Power        Failure   Level  Hunger
a - Magic Dart            Conj           ####         1%          1    None
b - Blink                 Tloc           N/A          14%         2    None
c - Conjure Flame         Conj/Fire      ##......     6%          3    #......
d - Mephitic Cloud        Conj/Pois/Air  ####....     3%          3    #......
e - Repel Missiles        Chrm/Air       ###...       10%         2    None


Dungeon Overview and Level Annotations

Branches:
Dungeon (6/15)             Temple (0/1) D:5

Altars:
Ashenzari
Cheibriados
Elyvilon
Okawaru
Qazlal
Sif Muna
Vehumet
Zin


Innate Abilities, Weirdness & Mutations

You can fly.
You have a beak for a mouth.
You have claws for feet.
You are frail (-10% HP).
You are weak. (Str -2)


Message History

Ouch! That really hurt!
Casting: Magic Dart
Confirm with . or Enter, or press ? or * to list all spells.
Aiming: Magic Dart
Press: ? - help, Shift-Dir - straight line, f - you
Okay, then.
Use which ability? (? or * to list)
Okay, then.
Casting: Magic Dart
Confirm with . or Enter, or press ? or * to list all spells.
You can't see any susceptible monsters within range! (Use Z to cast anyway.)
Casting: Magic Dart
Confirm with . or Enter, or press ? or * to list all spells.
Aiming: Conjure Flame
Press: ? - help, Dir - move target cursor You feel a numb sensation.
The fire roars!
The steam dragon breathes steam at you. The ball of steam hits you!
The steam scalds you terribly!
Ouch! That really hurt!
You die...

#####.###
........##########
#####........()..#
#.#.########.#
#.#.# #.# #.#.#
#.# #.#.# #.#
#.#.# #.# #...#
#@# .### #§# ##§#
#.§# #§## #.# #§#
#D# #####)#


There were no monsters in sight!

Vanquished Creatures
  The ghost of Aargh the Skirmisher, an experienced DrWn (D:5)
  Eustachio (D:5)
  A water moccasin (D:6)
  A sky beast (D:5)
  2 phantoms
  A crocodile (D:5)
  A scorpion (D:5)
  A quasit (D:6)
  2 orc priests (D:3)
  A jelly (D:5)
  3 giant frog skeletons
  2 orc wizards
  A worker ant (D:5)
  A hound zombie (D:5)
  6 adders
  2 worms (D:2)
  A giant mite (D:1)
  3 giant geckos
  An ooze (D:2)
  10 orcs
  2 ball pythons
  A giant cockroach (D:2)
  11 goblins
  8 hobgoblins
  12 kobolds
  3 quokkas
  8 bats
  3 giant newts
  A giant spore (D:6)
  13 jackals
  9 rats (D:1)
  A ballistomycete (D:6)
114 creatures vanquished.

Notes
Turn   | Place    | Note
--------------------------------------------------------------
     0 | D:1      | Fyery, the Tengu Wizard, began the quest for the Orb.
     0 | D:1      | Reached XP level 1. HP: 10/10 MP: 4/4
   149 | D:1      | Reached XP level 2. HP: 12/15 MP: 0/7
   153 | D:1      | Learned a level 2 spell: Blink
   689 | D:1      | Reached XP level 3. HP: 19/19 MP: 3/9
  1202 | D:2      | Found an iron altar of Okawaru.
  1271 | D:2      | Reached XP level 4. HP: 24/24 MP: 6/11
  1353 | D:2      | Reached skill level 4 in Conjurations
  1413 | D:2      | Learned a level 3 spell: Conjure Flame
  1806 | D:2      | Found a white marble altar of Elyvilon.
  1806 | D:2      | Found a shattered altar of Ashenzari.
  2234 | D:3      | Reached XP level 5. HP: 28/28 MP: 2/15
  2275 | D:3      | Found a stormy altar of Qazlal.
  2282 | D:3      | Became a worshipper of Qazlal Stormbringer
  2851 | D:3      | Reached skill level 5 in Conjurations
  2952 | D:3      | Learned a level 3 spell: Mephitic Cloud
  3252 | D:4      | Noticed a phantom
  3275 | D:4      | Killed a phantom
  3275 | D:4      | Reached skill level 1 in Poison Magic
  3275 | D:4      | Reached XP level 6. HP: 32/32 MP: 0/18
  3309 | D:4      | Learned a level 2 spell: Repel Missiles
  3553 | D:4      | Found a radiant altar of Vehumet.
  3559 | D:4      | Found a deep blue altar of Sif Muna.
  3559 | D:4      | Found a glowing silver altar of Zin.
  3929 | D:5      | Entered Level 5 of the Dungeon
  4134 | D:5      | Noticed Eustachio
  4151 | D:5      | Killed Eustachio
  4151 | D:5      | Acquired Qazlal's first power
  4151 | D:5      | Reached XP level 7. HP: 33/36 MP: 8/19
  4282 | D:5      | Reached skill level 5 in Spellcasting
  4291 | D:5      | Gained mutation: You are weak. (Str -2) [mutagenic meat]
  4292 | D:5      | Gained mutation: You are frail (-10% HP). [mutagenic meat]
  4460 | D:5      | Noticed Aargh's ghost (experienced DrWn)
  4467 | D:5      | Killed Aargh's ghost
  4467 | D:5      | Reached skill level 6 in Spellcasting
  4467 | D:5      | Reached skill level 7 in Conjurations
  4467 | D:5      | Reached XP level 8. HP: 36/36 MP: 7/23
  4672 | D:5      | Found a staircase to the Ecumenical Temple.
  4905 | D:5      | Found a snail-covered altar of Cheibriados.
  5252 | D:6      | Reached skill level 8 in Conjurations
  5664 | D:6      | Killed from afar by a steam dragon

Action                   |  1- 3 |  4- 6 |  7- 9 || total
-------------------------+-------+-------+-------++-------
Melee: Dagger            |     2 |       |       ||     2
       Quarterstaff      |       |     3 |     5 ||     8
 Cast: Magic Dart        |    76 |   132 |   113 ||   321
       Conjure Flame     |       |     8 |    13 ||    21
       Blink             |       |     1 |       ||     1
  Use: Scroll            |       |     9 |       ||     9
       Potion            |       |       |     2 ||     2
  Eat: Chunk             |     1 |     8 |     5 ||    14
       Bread ration      |       |       |     1 ||     1
